 Dungeon Crawl Stone Soup version 0.26-a0-649-gf8c6c3aab7 (webtiles) character file.

Game seed: 17753530415895341845

483 smeego the Slasher (level 7, -6/47 HPs)
             Began as an Octopode Fighter on Sept 27, 2020.
             Mangled by a gnoll
             ... wielding a +0 spear
              (11 damage)
             ... on level 4 of the Dungeon.
             The game lasted 00:02:54 (3370 turns).

smeego the Slasher (Octopode Fighter)               Turns: 3370, Time: 00:02:55

Health: -6/47      AC:  1    Str: 18    XL:     7   Next: 12%
Magic:  7/7        EV: 12    Int: 10    God:
Gold:   158        SH:  9    Dex: 11    Spells: 6/6 levels left

rFire    . . .     SeeInvis .   a - +0 long sword
rCold    . . .     Faith    .   b - +0 kite shield
rNeg     . . .     Spirit   .   (helmet restricted)
rPois    .         Reflect  .   (no amulet)
rElec    .         Harm     .   (no ring)
rCorr    .         Rampage  .   (no ring)
MR       .....                  (no ring)
Stlth    +++.......             (no ring)
HPRegen  0.15/turn              (no ring)
MPRegen  0.10/turn              (no ring)
                                (no ring)
                                (no ring)

@: invisible
A: almost no armour, stealthy swim, amphibious, 8 rings, constrict 8, camouflage
1, gelatinous body 1
a: no special abilities


You were on level 4 of the Dungeon.
You visited 1 branch of the dungeon, and saw 4 of its levels.

You collected 158 gold pieces.

Inventory:

Hand Weapons
 a - a +0 long sword (weapon)
Missiles
 r - 8 poisoned darts (quivered)
Armour
 b - a +0 kite shield (worn)
Jewellery
 p - a cursed amulet of inaccuracy {unknown}
Scrolls
 d - 6 scrolls of identify {unknown}
 g - a scroll of teleportation {unknown}
 i - 2 scrolls of remove curse {unknown}
 k - a scroll of noise {unknown}
 l - 2 scrolls of enchant weapon {unknown}
 m - a scroll of fear {unknown}
 q - a scroll of blinking {unknown}
 t - a scroll of enchant armour {unknown}
Potions
 c - a potion of might
 e - a potion of degeneration {unknown}
 f - 2 potions of curing
 j - a potion of haste {unknown}
 n - a potion of ambrosia {unknown}
 o - a potion of lignification {unknown}
 s - a potion of mutation {unknown}


   Skills:
 + Level 3.8 Fighting
 * Level 4.0 Long Blades
 + Level 2.1 Throwing
 + Level 3.9 Dodging
 + Level 3.4 Stealth
 + Level 3.9 Shields
 + Level 2.2 Unarmed Combat


You had 6 spell levels left.
You didn't know any spells.
Your spell library was empty.

Dungeon Overview and Level Annotations

Branches:
Dungeon (4/15)
 Temple: D:4-7

Altars:
Fedhas
Hepliaklqana
Uskayaw
Wu Jian


Innate Abilities, Weirdness & Mutations

You cannot wear most types of armour.
You are very stealthy in the water. (Stealth+)
You are amphibious.
You can wear up to eight rings at the same time.
You can use your tentacles to constrict eight enemies at once.
Your skin changes colour to match your surroundings (Stealth+).
Your rubbery body absorbs attacks. (AC +1, EV +1)


Message History

You constrict the gnoll shaman.
The gnoll shaman hits you with a +0 club!
You block the gnoll's attack.
You hit the gnoll shaman. You squeeze the gnoll shaman.
You kill the gnoll shaman!
You block the gnoll's attack.
There are monsters nearby!
Unknown command.
The gnoll hits you from afar with a +0 spear!
The gnoll hits you with a +0 spear. You block the gnoll's attack.
Items here: ) [ ††.
There are monsters nearby!
You are too injured to fight recklessly!
The gnoll hits you from afar with a +0 spear!
* * * LOW HITPOINT WARNING * * *
You see here a gnoll corpse.
It was a potion of invisibility.
You fade into invisibility!
The gnoll hits you from afar with a +0 spear!
You die...

#......##........#.#.
#..###.#.............
#..###.#.PPP...#.....
#....#.#P.PPP..#..#..
#.##.#.#P._P.#.......
#.##.#.#P.PPP.......#
#......#.P.P.)###...#
#........# #...#
#.##@###.# .....
#.#†## .# .#.. # #
#g# .. #g# # ##.# ...
## #### #. #. #.


You could see 2 gnolls.

Vanquished Creatures
  A bullfrog skeleton (D:3)
  An iguana (D:4)
  A gnoll shaman (D:4)
  3 orc wizards (D:3)
  3 worker ants
  Robin (D:4)
  11 gnolls
  2 adders
  3 oozes (D:1)
  A worm (D:4)
  3 dart slugs (D:2)
  2 leopard geckos (D:2)
  7 orcs (D:3)
  5 giant cockroaches
  12 goblins
  9 hobgoblins
  13 kobolds
  A quokka (D:3)
  A ball python (D:3)
  8 bats
  3 frilled lizards
  4 rats
95 creatures vanquished.

Notes
Turn   | Place    | Note
-------+----------+-------------------------------------------
     0 | D:1      | smeego the Octopode Fighter began the quest for the Orb.
     0 | D:1      | Reached XP level 1. HP: 16/16 MP: 1/1
    17 | D:1      | Reached XP level 2. HP: 21/21 MP: 2/2
   151 | D:1      | Reached XP level 3. HP: 21/26 MP: 3/3
   228 | D:1      | Reached skill level 1 in Stealth
   646 | D:2      | Reached XP level 4. HP: 31/31 MP: 4/4
   857 | D:2      | Reached skill level 1 in Unarmed Combat
   858 | D:2      | Reached skill level 1 in Throwing
  1033 | D:2      | Found an ornate altar of the Wu Jian Council.
  1673 | D:3      | Reached skill level 3 in Long Blades
  1754 | D:3      | Reached XP level 5. HP: 28/36 MP: 5/5
  2053 | D:3      | Found a hazy altar of Hepliaklqana.
  2120 | D:3      | Reached XP level 6. HP: 35/42 MP: 6/6
  3171 | D:4      | Found a hide-covered altar of Uskayaw.
  3174 | D:4      | Noticed a +0 hand axe
  3174 | D:4      | Noticed a +0 hand axe
  3207 | D:4      | Noticed Robin
  3215 | D:4      | Killed Robin
  3222 | D:4      | Reached XP level 7. HP: 33/47 MP: 7/7
  3322 | D:4      | Found a blossoming altar of Fedhas.
  3362 | D:4      | Reached skill level 4 in Long Blades
  3370 | D:4      | Mangled by a gnoll

Illustrated notes

Levels and vault maps discovered:
D:1:      scummos_arrival_simple_crosswalls, layout_rooms,
          chequers_serial_rivers_room_b, st_stairs_11
D:2:      layout_loops_corners, lemuel_crystal_altar
D:3:      layout_loops_ring, nicolae_overflow_crystal_walls,
          kennysheep_another_room
D:4:      layout_loops_cross, dancing_weapons_uskayaw, fedhas_altar_3,
          uniq_robin, uniq_blork_the_orc

Skill      XL: |  1  2  3  4  5  6  7 |
---------------+----------------------+-----
Stealth        | 1 2 3 |  3.4
Unarmed Combat | 1 2 |  2.2
Throwing       | 1 2 |  2.1
Long Blades    | 3 4 |  4.0
Fighting       | |  3.8
Dodging        | |  3.9
Shields        | |  3.9

Action                   |  1- 3 |  4- 6 |  7- 9 || total
-------------------------+-------+-------+-------++-------
Melee: Long sword        |    47 |   115 |    10 ||   172
       Constrict         |    14 |    34 |     3 ||    51
       Tentacles         |     4 |    25 |     3 ||    32
       Punch             |       |     3 |     1 ||     4
Throw: Dart              |       |     9 |       ||     9
  Use: Potion            |       |     2 |     1 ||     3
 Stab: Sleeping          |     5 |     6 |       ||    11
Armor: Skin              |     3 |     3 |       ||     6
Dodge: Dodged            |    20 |    46 |     5 ||    71
Block: Kite shield       |    23 |    55 |     6 ||    84
       Rpst.: Long sword |     6 |    11 |     2 ||    19

Table legend: (Time is in decaauts)
 A = Elapsed time spent in this place.
 B = Non-inter-level travel time spent in this place.
 C = Inter-level travel time spent in this place.
 D = Time resting spent in this place.
 E = Time spent auto-exploring this place.
 F = Levels seen in this place.
 G = Mean time per level.
                   A        B        C        D        E       F      G
               +--------+--------+--------+--------+--------+-----+--------+
         Total |   3426 |   3312 |    114 |    322 |   2407 |   4 |  856.5 |
       Dungeon |   3426 |   3312 |    114 |    322 |   2407 |   4 |  856.5 |
               +--------+--------+--------+--------+--------+-----+--------+

Top non-repeatable levels by time:
     D:3: 1366 daAuts
     D:2: 1094 daAuts
     D:1: 549 daAuts
     D:4: 415 daAuts
